 Dungeon Crawl Stone Soup version 0.28-a0-1447-ga5a8893891 (webtiles) character file.

Game seed: 11267360658020909093

7416 rogsnak the Destroyer (level 10, -2/68 HPs)
             Began as a Demonspawn Air Elementalist on Jan 10, 2022.
             Was a Priest of Sif Muna.
             Slain by a hornet (14 damage)
             ... while paralysed by a hornet
             ... on level 9 of the Dungeon.
             The game lasted 00:34:02 (13328 turns).

rogsnak the Destroyer (DsAE)                       Turns: 13328, Time: 00:34:02

Health: -2/68      AC:  4    Str: 15    XL:     10   Next: 93%
Magic:  23/23      EV:  2    Int: 21    God:    Sif Muna [***...]
Gold:   464        SH:  0    Dex: 13    Spells: 16/27 levels left

rFire   + . .      SeeInvis .   Q - +2 short sword (venom)
rCold   . . .      Faith    .   (no shield)
rNeg    . . .      Spirit   .   a - +0 robe
rPois   .          Reflect  .   (helmet restricted)
rElec   .          Harm     .   (no cloak)
rCorr   .          Rampage  .   K - +0 pair of gloves
Will    .....                   n - +0 pair of boots
Stlth   ++........              M - amulet of magic regeneration
HPRegen 0.21/turn               c - ring of protection from fire
MPRegen 0.58/turn               L - +6 ring of strength

@: paralysed, slowed
A: antennae 2, demonic guardian 2
a: Renounce Religion, Channel Magic, Forget Spell


You were on level 9 of the Dungeon.
You worshipped Sif Muna.
Sif Muna was most pleased with you.
You visited 2 branches of the dungeon, and saw 10 of its levels.
You also visited: Bailey.

You collected 546 gold pieces.
You spent 82 gold pieces at shops.

Inventory:

Hand Weapons
 b - a +0 spear
 r - a +0 flail
 u - a +0 bardiche
 y - a +0 trident
 A - a +0 dagger of chaos
 C - a +1 vampiric hand axe
 D - a +4 dagger
 E - a +1 whip of draining
 N - a +0 mace of venom
 O - a +6 dire flail
 Q - a +2 short sword of venom (weapon)
Missiles
 p - 88 poisoned darts
 R - 2 silver boomerangs
Armour
 a - a +0 robe (worn)
 g - a +1 pair of boots
 l - a +0 ring mail of poison resistance
 n - a +0 pair of boots (worn)
 q - a +0 helmet
 K - a +0 pair of gloves (worn)
Magical Staves
 H - a staff of fire
 J - a staff of conjuration
Jewellery
 c - a ring of protection from fire (left hand)
 L - a +6 ring of strength (right hand)
 M - an amulet of magic regeneration (around neck)
 P - a ring of see invisible
Scrolls
 e - 7 scrolls of identify {unknown}
 f - a scroll of fear {unknown}
 h - 5 scrolls of blinking
 i - 2 scrolls of noise {unknown}
 j - a scroll of magic mapping {unknown}
 k - 6 scrolls of fog {unknown}
 o - 5 scrolls of teleportation {unknown}
 s - a scroll of vulnerability {unknown}
 w - a scroll of summoning {unknown}
 x - 6 scrolls of enchant armour {unknown}
 G - a scroll of brand weapon {unknown}
Potions
 d - 2 potions of might {unknown}
 m - 2 potions of flight {unknown}
 t - 4 potions of curing
 v - a potion of berserk rage {unknown}
 z - 4 potions of heal wounds {unknown}
 B - a potion of lignification {unknown}
 F - 2 potions of attraction {unknown}
 I - 2 potions of degeneration {unknown}


   Skills:
 + Level 2.5 Fighting
 + Level 3.1 Dodging
 - Level 1.7 Stealth
 + Level 9.0 Spellcasting
 * Level 9.7 Conjurations
 + Level 9.0 Air Magic


You had 16 spell levels left.
You knew the following spells:

 Your Spells              Type           Power      Damage    Failure   Level
a - Shock                 Conj/Air       100%       1d9       1%          1
b - Swiftness             Air            47%        N/A       1%          3
c - Airstrike             Air            23%        N/A       1%          4
d - Mephitic Cloud        Conj/Pois/Air  35%        N/A       1%          3

Your spell library contained the following spells:

 Spells                   Type           Power      Damage    Failure   Level
 Magic Dart               Conj           100%       1d8       1%          1
 Static Discharge         Conj/Air       48%        N/A       1%          2
 Call Imp                 Summ           9%         N/A       11%         2
 Gell's Gravitas          Tloc           9%         N/A       22%         3
 Lesser Beckoning         Tloc           9%         N/A       22%         3
 Teleport Other           Tloc           9%         N/A       22%         3


Dungeon Overview and Level Annotations

Branches:
Dungeon (9/15)             Temple (1/1) D:5          Bailey (visited)
   Lair: D:8-11         Orc: D:9-12

Altars:
Ashenzari
Dithmenos
Elyvilon
Hepliaklqana
Kikubaaqudgha
Makhleb
Okawaru
Qazlal
Sif Muna
Trog
Vehumet
Xom
Yredelemnul

Shops:
D:2 [   D:5 :   D:7 :!(*   D:8 ([??

Annotations:
D:3 3 runed translucent doors, HallandMoats's ghost, amateur DsFi


Innate Abilities, Weirdness & Mutations

You have a pair of antennae on your head.
A demonic guardian rushes to your aid.


Message History

There is a stone staircase leading down here.
You start resting.
HP restored.
You climb downwards.
The hornet buzzes angrily.
The gnoll shouts!
The gnoll barely misses you. The gnoll hits you with a +0 spear!
A demonic guardian appears!
The gnoll shaman hits your soul eater but does no damage.
The gnoll hits your soul eater from afar with a +0 spear.
The gnoll shouts!
Found a stone staircase leading up and a stone staircase leading down.
There is a stone staircase leading up here.
Unknown command.
What are your orders? t - Shout!
Orders for allies: a - Attack new target. r - Retreat! s - Stop attacking. g - Guard the area. f - Follow me.
Anything else - Cancel.
Gang up on whom?
Press: ? - help, Dir - move target, f - gnoll
Aim: a gnoll, wielding a +0 whip Attack!
The gnoll misses you. The gnoll hits you with a +0 whip.
The gnoll hits you with a +0 spear.
The gnoll shaman misses your soul eater.
Unknown command.
The gnoll hits you from afar with a +0 halberd.
The hornet stings you!
You suddenly lose the ability to move!
The gnoll hits you with a +0 whip. The gnoll hits you with a +0 spear!
The gnoll hits you with a +0 spear.
* * * LOW HITPOINT WARNING * * *
Your soul eater barely misses the gnoll.
The hornet stings you!
* * * LOW HITPOINT WARNING * * *
You feel yourself slow down. The gnoll barely misses you.
The gnoll hits you but does no damage. The gnoll barely misses you.
The gnoll hits you but does no damage.
The gnoll shaman closely misses your soul eater.
The hornet stings you!
You die... ....P....# .PPP...<# .PPP..##### .PP...#.#.# .P.PP.#.#.## PP.

......# .P
#l....# P
#....#
#g@g#
#....yg3..#
.....g.#
... ....##
... ..####


You could see a hornet, a wyvern, a gnoll shaman, 5 gnolls and a friendly soul
eater (summoned).

Vanquished Creatures
  2 vault guards (Bailey)
  A komodo dragon (D:7)
  A kobold demonologist (D:8)
  Sigmund (D:2)
  A wyvern (D:8)
  4 humans (Bailey)
  A yak (D:8)
  3 water moccasins
  An orc warrior (D:8)
  2 black bears
  3 ice beasts
  2 ogres
  5 centaurs
  A phantom (D:5)
  8 bullfrogs
  3 scorpions
  A wyvern zombie (D:8)
  2 water moccasin zombies (D:5)
  A wyvern skeleton (D:5)
  12 wights
  4 crimson imps (D:5)
  A centaur zombie (D:5)
  A jelly (D:7)
  2 bullfrog zombies
  3 hounds
  2 centaur skeletons
  6 orc priests
  A gnoll shaman (D:7)
  3 iguanas
  10 orc wizards
  6 gnolls
  6 adders
  2 shadow imps
  2 white imps (D:6)
  An ufetubus (D:6)
  An adder skeleton (D:5)
  A worm (D:2)
  4 dart slugs
  32 orcs
  7 ball pythons
  6 bats
  11 endoplasms
  3 giant cockroaches
  9 goblins
  11 hobgoblins
  6 jackals
  3 kobolds
  4 quokkas
  2 frilled lizards
  7 rats
212 creatures vanquished.

Vanquished Creatures (collateral kills)
  Prince Ribbit (Bailey)
  An orc warrior (D:6)
  A centaur (D:5)
  2 bullfrogs (Bailey)
  An orc priest (D:5)
  A centaur skeleton (D:5)
  A gnoll (D:1)
  3 orcs (D:6)
  A kobold (D:1)
12 creatures vanquished.

Vanquished Creatures (others)
  A plant (D:9)
1 creature vanquished.

Grand Total: 225 creatures vanquished

Notes
Turn   | Place    | Note
-------+----------+-------------------------------------------
     0 | D:1      | rogsnak the Demonspawn Air Elementalist began the quest for
                  | the Orb.
     0 | D:1      | Reached XP level 1. HP: 13/13 MP: 3/3
   382 | D:1      | Gained mutation: A weak demonic guardian rushes to your
                  | aid. [demonic ancestry]
   382 | D:1      | Reached XP level 2. HP: 10/19 MP: 0/5
  1042 | D:1      | Reached XP level 3. HP: 21/24 MP: 2/6
  1368 | D:2      | Noticed Sigmund
  1471 | D:2      | Learned a level 3 spell: Swiftness
  1663 | D:2      | Reached XP level 4. HP: 23/30 MP: 1/7
  2166 | D:2      | Found Egragup's Armour Shop.
  2604 | D:2      | Killed Sigmund
  2605 | D:2      | Reached XP level 5. HP: 29/36 MP: 2/9
  2886 | D:3      | Found a runed translucent gate.
  2886 | D:3      | Found a runed translucent gate.
  2886 | D:3      | Noticed HallandMoats's ghost (amateur DsFi)
  2887 | D:3      | Found a runed translucent gate.
  2960 | D:3      | Gained mutation: You have a pair of small antennae on your
                  | head. [demonic ancestry]
  2960 | D:3      | Reached XP level 6. HP: 30/42 MP: 6/11
  3796 | D:3      | Found a faded altar of an unknown god.
  4506 | D:4      | Learned a level 4 spell: Airstrike
  4510 | D:4      | Learned a level 3 spell: Mephitic Cloud
  4519 | D:4      | Gained mutation: A demonic guardian rushes to your aid.
                  | [demonic ancestry]
  4519 | D:4      | Reached XP level 7. HP: 27/47 MP: 4/12
  4897 | D:4      | Reached skill level 5 in Conjurations
  5107 | D:5      | Entered Level 5 of the Dungeon
  5582 | D:5      | Found a staircase to the Ecumenical Temple.
  5592 | Temple   | Entered the Ecumenical Temple
  5614 | Temple   | Became a worshipper of Sif Muna the Loreminder
  5701 | D:5      | Reached skill level 5 in Air Magic
  5906 | D:5      | Gained mutation: You have a pair of antennae on your head.
                  | [demonic ancestry]
  5906 | D:5      | Reached XP level 8. HP: 48/53 MP: 9/15
  5967 | D:5      | Found Cimo's Book Shop.
  6319 | D:5      | Reached skill level 5 in Spellcasting
  6477 | D:5      | Reached skill level 1 in Fighting
  6972 | D:5      | Found a shimmering altar of Xom.
  7612 | D:6      | Reached * piety under Sif Muna
  8069 | D:6      | Reached XP level 9. HP: 43/59 MP: 9/17
  8565 | D:7      | Found a flagged portal.
  8565 | D:7      | Found Uzivvoiff's Book Shoppe.
  8912 | Bailey   | Entered a bailey
  9231 | Bailey   | Noticed Prince Ribbit
  9234 | Bailey   | Killed Prince Ribbit
  9234 | Bailey   | Reached ** piety under Sif Muna
  9688 | Bailey   | Noticed a vault guard
  9696 | Bailey   | Killed a vault guard
  9697 | Bailey   | Reached XP level 10. HP: 67/67 MP: 11/21
  9796 | Bailey   | Noticed a vault guard
  9829 | Bailey   | Killed a vault guard
 10342 | D:7      | Found Cepryr's Weapon Shop.
 10704 | D:7      | Found Wileih's Distillery.
 10835 | D:7      | Found Duloiwuh's General Store.
 11349 | D:6      | HP: 2/65 [poisoned by a wight]
 12444 | D:8      | Reached *** piety under Sif Muna
 12935 | D:8      | Found Lor Nait's Armour Shoppe.
 12950 | D:8      | Found Iczawnub's Magic Scroll Shoppe.
 12951 | D:8      | Found Xopupraa's Antique Weapon Shoppe.
 12952 | D:8      | Found Deiphep's Magic Scroll Shoppe.
 12970 | D:8      | Bought a scroll of blinking for 82 gold pieces
 13327 | D:9      | Paralysed by a hornet for 3 turns
 13328 | D:9      | Slain by a hornet

Illustrated notes

Levels and vault maps discovered:
D:1:      eino_arrival_cavern_d, layout_rooms
D:2:      layout_basic, serial_shops, nicolae_shop_statue_plus,
          dk_noncrumbling_2, uniq_sigmund
D:3:      layout_loops_ring, ebering_ghost_rock_garden,
          shapermc_ecumenical_altar_mp_vishouse, minmay_circle_x
D:4:      layout_rooms, chequers_serial_rivers_micro_d, st_stairs_14,
          kennysheep_generic_room_10
D:5:      minmay_inner_zag, layout_basic, led_xom_imps,
          minmay_temple_entry_statues_fountains, serial_shops,
          kennysheep_little_box
D:6:      layout_rooms
D:7:      layout_rooms, enter_bailey_2, serial_shops,
          nicolae_shop_bloodbath_and_beyond, nicolae_shop_window_shopping,
          shop_coins, nicolae_stop_n_shop_1, kennysheep_nondescript
D:8:      layout_loops_corners, minmay_shop_grid_forest, st_stairs_11
D:9:      layout_cave_pools, due_lair_maze_entry_diamond, orc_0_dummy, hex_large
Temple:   nicolae_temple_the_god_donut

Skill      XL: |  1  2  3  4  5  6  7  8  9 10 |
---------------+-------------------------------+-----
Air Magic      | 3 4 5 6 7 9 |  9.0
Dodging        | 2 3 |  3.1
Conjurations   | 2 3 4 6 7 8 9 |  9.7
Spellcasting   | 3 4 5 7 9 |  9.0
Fighting       | 1 2 |  2.5
Stealth        | |  1.7

Action                   |  1- 3 |  4- 6 |  7- 9 | 10-12 || total
-------------------------+-------+-------+-------+-------++-------
Melee: Spear             |    38 |     3 |     4 |       ||    45
       Whip              |       |       |    26 |    18 ||    44
       Trident           |       |       |     5 |       ||     5
       Dagger            |       |       |     2 |       ||     2
       Punch             |       |       |     2 |       ||     2
       Short sword       |       |       |       |     1 ||     1
 Cast: Shock             |    71 |   120 |   228 |    60 ||   479
       Airstrike         |       |       |    31 |    74 ||   105
       Mephitic Cloud    |       |       |     1 |    10 ||    11
  Use: Potion            |       |       |     1 |     1 ||     2
 Stab: Sleeping          |     1 |       |       |       ||     1
       Confused          |       |       |       |     1 ||     1
Armor: Robe              |    15 |    10 |    20 |     9 ||    54
Dodge: Dodged            |    26 |    25 |    84 |    38 ||   173

Table legend: (Time is in decaauts)
 A = Elapsed time spent in this place.
 B = Non-inter-level travel time spent in this place.
 C = Inter-level travel time spent in this place.
 D = Time resting spent in this place.
 E = Time spent auto-exploring this place.
 F = Levels seen in this place.
 G = Mean time per level.
                   A        B        C        D        E       F      G
               +--------+--------+--------+--------+--------+-----+--------+
         Total |  13348 |  13038 |    310 |   4462 |   6002 |  11 | 1213.5 |
       Dungeon |  12044 |  11734 |    310 |   3609 |   5992 |   9 | 1338.2 |
        Temple |     42 |     42 |      0 |      0 |     10 |   1 |   42.0 |
        Bailey |   1260 |   1260 |      0 |    853 |      0 |   1 | 1260.0 |
               +--------+--------+--------+--------+--------+-----+--------+

Top non-repeatable levels by time:
     D:5: 2333 daAuts
     D:7: 1622 daAuts
     D:6: 1524 daAuts
     D:8: 1430 daAuts
     D:1: 1364 daAuts
     D:2: 1345 daAuts
  Bailey: 1260 daAuts
     D:4: 1209 daAuts
     D:3: 1208 daAuts
  Temple: 42 daAuts
     D:9: 6 daAuts
